[Event "Irish International Open 2019"]
[Site "Dublin"]
[Date "2019.04.18"]
[Round "2.14"]
[White "Brady, Stephen"]
[Black "Murphy, Sean"]
[Result "1/2-1/2"]
[ECO "B11"]
[WhiteElo "2301"]
[BlackElo "1976"]
[Annotator "NA"]
[PlyCount "55"]
[EventDate "2019.02.28"]
[EventType "swiss"]
[EventCountry "IRL"]
[SourceTitle "playchess.com"]
[Source "ChessBase"]
[SourceQuality "1"]
[TimeControl "5400+30"]

1. e4 c6 2. Nc3 d5 3. Nf3 Bg4 4. h3 Bh5 5. exd5 cxd5 6. Bb5+ Nc6 7. g4 Bg6 8. Ne5 Rc8 9. d4 e6 10. h4 f6 $1 11. Nxg6 hxg6 12. Qe2 {[%emt 0:00:30] B11: Caro-Kann: Two Knights Variation} (12. g5 Bb4 13. Bd2 Nge7 14. h5 Kd7 15. Na4 Bd6 16. Nc5+ Bxc5 17. dxc5 Rxh5 18. Rxh5 gxh5 19. Qxh5 Qh8 {1-0 (48) Fedoseev,V (2713)-Brunner,L (2457) Porto Carras 2018}) 12... Kf7 13. Be3 Bb4 14. Kf1 {[%emt 0:00:30] [#]} a6 $146 ({Predecessor:} 14... Nge7 15. Rh3 Qa5 16. Nd1 Bd6 {½-½ (16) Slobodjan,R (2522)-Erenburg,S (2533) Dresden 2004}) 15. Bd3 Nge7 16. Rd1 Bxc3 17. bxc3 Na5 18. Bd2 Nc4 19. Re1 Qd7 20. h5 b5 $11 21. Bc1 Rce8 22. Kg2 gxh5 23. gxh5 f5 24. Rh3 Ng8 25. Bg5 Nf6 26. Bxf6 gxf6 27. Rg1 Reg8+ 28. Kf1 1/2-1/2

[Event "Irish International Open 2019"]
[Site "Dublin"]
[Date "2019.04.18"]
[Round "2.15"]
[White "Cafolla, Peter"]
[Black "Burns-Mannion, Stephen"]
[Result "1/2-1/2"]
[ECO "C28"]
[WhiteElo "1949"]
[BlackElo "2285"]
[Annotator "NA"]
[PlyCount "48"]
[EventDate "2019.02.28"]
[EventType "swiss"]
[EventCountry "IRL"]
[SourceTitle "playchess.com"]
[Source "ChessBase"]
[SourceQuality "1"]
[TimeControl "5400+30"]

1. e4 e5 2. Nc3 Nf6 3. Bc4 Nc6 4. d3 Na5 5. Bb3 Nxb3 6. axb3 d5 7. exd5 Bb4 8. Bd2 Nxd5 9. Qh5 O-O 10. Nge2 Re8 11. O-O g6 12. Qf3 Be6 13. Qg3 f5 14. f4 (14. Qxe5 $2 Bf7 $17) 14... exf4 15. Nxf4 Nxf4 16. Bxf4 $11 c6 17. Rfe1 Bc5+ 18. Be3 Bxe3+ 19. Qxe3 a6 20. Qf4 Qb6+ 21. Qe3 Qc7 22. Qe5 Qf7 23. Qc5 Rad8 24. Re2 Bc8 1/2-1/2

[Event "Irish International Open 2019"]
[Site "Dublin"]
[Date "2019.04.18"]
[Round "2.17"]
[White "Duffy, Seamus"]
[Black "Pulkkinen, Kari"]
[Result "0-1"]
[ECO "A01"]
[WhiteElo "1921"]
[BlackElo "2265"]
[Annotator "NA"]
[PlyCount "74"]
[EventDate "2019.02.28"]
[EventType "swiss"]
[EventCountry "IRL"]
[SourceTitle "playchess.com"]
[Source "ChessBase"]
[SourceQuality "1"]
[TimeControl "5400+30"]

1. b3 a5 2. a4 Nf6 3. Bb2 e6 4. e3 Be7 5. f4 O-O 6. Nf3 b6 7. Nc3 Bb7 8. Be2 Na6 9. O-O Nb4 10. Ne5 d6 11. Nd3 Ba6 12. Nxb4 axb4 13. Na2 Bxe2 14. Qxe2 d5 15. Rf3 c5 16. Rh3 g6 17. g4 Qd7 18. Rf1 {[%emt 0:05:30] [#]} (18. Nc1 $15) 18... b5 $1 19. g5 Ne8 20. Rff3 f6 21. Rh6 bxa4 22. bxa4 (22. e4 $142 a3 23. Ba1) 22... Rxa4 (22... Qxa4 $142 23. Nxb4 Qxb4) 23. Nc1 c4 ({Weaker is} 23... fxg5 {[#]} 24. Rxh7 $3 Kxh7 25. Rh3+ Kg8 26. Rh8+ Kf7 27. Nd3 $11) 24. Rfh3 Rf7 25. Qg4 $19 Bf8 26. gxf6 Bxh6 27. Rxh6 Nxf6 28. Qg5 c3 29. dxc3 Ne4 30. Qe5 Qa7 31. Rh3 bxc3 32. Bxc3 Nxc3 33. Qxc3 Raxf4 34. Qc8+ Kg7 35. Qc3+ d4 36. Qb2 Rf1+ 37. Kg2 Qa8+ 0-1

[Event "Irish International Open 2019"]
[Site "Dublin"]
[Date "2019.04.18"]
[Round "2.18"]
[White "Thorarinsson, Pall A."]
[Black "Plaza Reino, Mercedes"]
[Result "1-0"]
[ECO "B40"]
[WhiteElo "2246"]
[BlackElo "1927"]
[Annotator "NA"]
[PlyCount "85"]
[EventDate "2019.02.28"]
[EventType "swiss"]
[EventCountry "IRL"]
[SourceTitle "playchess.com"]
[Source "ChessBase"]
[SourceQuality "1"]
[TimeControl "5400+30"]

1. e4 c5 2. Nf3 e6 3. b3 b6 4. Bb2 Bb7 5. Nc3 d5 6. exd5 exd5 7. d4 (7. Bb5+ $18 Bc6 8. Qe2+ Be7 9. Nxd5 {[%mdl 64] Discovered Attack}) 7... Nf6 8. Bb5+ Bc6 {[%emt 0:06:06] [#]} (8... Nc6 $1 $14) 9. Qe2+ $1 Be7 {[%emt 0:02:09] [#]} 10. Ne5 $1 Qc7 11. O-O-O a6 12. Bxc6+ Nxc6 13. Nxc6 Qxc6 {[%emt 0:00:04] [#]} 14. dxc5 $1 bxc5 $16 15. Qf3 Rd8 16. Rhe1 Rd6 17. Re5 d4 18. Rde1 Qxf3 19. Rxe7+ Kd8 20. gxf3 dxc3 21. Bxc3 Rd7 22. Ba5+ Kc8 23. R1e5 Rxe7 24. Rxe7 Re8 25. Rc7+ Kb8 26. Rxf7 Re2 27. Bc7+ Ka8 28. Bg3 Nh5 29. Kd1 Re8 30. Rc7 Rd8+ 31. Ke2 Rd5 32. c4 Rf5 33. Bd6 Nf4+ 34. Bxf4 Rxf4 35. Rxg7 Rh4 36. f4 Rxh2 37. f5 Rh6 38. Ke3 Rf6 39. Ke4 h6 40. Ke5 Rf8 41. f6 Kb8 42. f7 Kc7 43. Ke6 1-0

[Event "Irish International Open 2019"]
[Site "Dublin"]
[Date "2019.04.18"]
[Round "2.19"]
[White "Sokolinksy, Yaakov"]
[Black "Mihalik, Agoston"]
[Result "1/2-1/2"]
[ECO "B94"]
[WhiteElo "1900"]
[BlackElo "2203"]
[Annotator "NA"]
[PlyCount "130"]
[EventDate "2019.02.28"]
[EventType "swiss"]
[EventCountry "IRL"]
[SourceTitle "playchess.com"]
[Source "ChessBase"]
[SourceQuality "1"]
[TimeControl "5400+30"]

1. e4 c5 2. Nf3 d6 3. d4 cxd4 4. Nxd4 Nf6 5. Nc3 a6 6. Bg5 Nbd7 7. f4 Qa5 {[%emt 0:00:41] B94: Sicilian Najdorf: 6 Bg5 Nbd7} (7... Qc7 8. Be2 e6 9. O-O h6 10. Bh4 b5 11. f5 exf5 12. Nxf5 Bb7 13. Kh1 b4 14. Nd5 Nxd5 15. exd5 Qc5 16. c4 g6 17. Re1 g5 18. Bg3 O-O-O 19. a3 a5 20. axb4 axb4 21. Bh5 f6 22. Nd4 {1-0 (22) Azarov,S (2565)-Navara,D (2740) Czech Republic 2019}) 8. Qf3 h6 9. Nb3 Qc7 10. Bxf6 Nxf6 11. h3 $146 ({Predecessor:} 11. Bd3 g6 12. f5 g5 13. h3 Bg7 14. O-O-O Bd7 15. Qe3 {0-1 (56) Duba,Y (1604)-Pereira,S (1910) Asuncion 2016}) 11... e6 12. O-O-O Nd7 13. Bd3 Nc5 14. Nxc5 Qxc5 15. e5 Qa5 (15... Qc6 $14) 16. Kb1 d5 17. f5 Bb4 18. Ne2 exf5 19. Nd4 O-O $16 20. g4 Qb6 21. Bxf5 Rd8 22. Rhf1 Bxf5 23. gxf5 Rac8 24. Qg3 Rc4 25. Nb3 a5 26. Nd2 Rcc8 27. Rg1 Bf8 28. f6 g6 29. Nf3 Ba3 30. b3 Rc3 31. Qf4 Qe3 32. Qxe3 Rxe3 33. Rgf1 d4 34. Nxd4 Rxe5 35. c4 b6 36. Nb5 Rxd1+ 37. Rxd1 Bc5 38. Rd8+ Kh7 39. Rd7 g5 40. Rxf7+ Kg6 41. Rb7 Kxf6 42. Nc3 Kf5 43. Nd5 Re6 44. a3 Ke4 45. b4 axb4 46. axb4 Bg1 47. Kc2 Kf3 48. Rf7+ Kg3 49. Rf1 Bf2 50. Nc3 Kg2 51. Rd1 Kxh3 52. Rd3+ Kg2 53. Rd5 Be1 54. c5 bxc5 55. bxc5 Bg3 56. Kd3 Kf3 57. Nb5 Re3+ 58. Kc4 Re4+ 59. Nd4+ Ke3 60. c6 Be5 61. Kb5 g4 62. Nf5+ Kf4 63. Nd6 Bxd6 64. Rxd6 Re1 65. Rxh6 Rc1 1/2-1/2

[Event "Irish International Open 2019"]
[Site "Dublin"]
[Date "2019.04.18"]
[Round "2.20"]
[White "Han, Yichen"]
[Black "Putar, Leon"]
[Result "1-0"]
[ECO "B18"]
[WhiteElo "2190"]
[BlackElo "1549"]
[Annotator "NA"]
[PlyCount "85"]
[EventDate "2019.02.28"]
[EventType "swiss"]
[EventCountry "IRL"]
[SourceTitle "playchess.com"]
[Source "ChessBase"]
[SourceQuality "1"]
[TimeControl "5400+30"]

1. e4 c6 2. d4 d5 3. Nc3 dxe4 4. Nxe4 Bf5 5. Ng3 Bg6 6. N1e2 Nf6 7. Nf4 e6 8. h4 {[%emt 0:00:41] B18: Classical Caro-Kann: 4...Bf5 sidelines} Bd6 (8... e5 9. Nxg6 hxg6 10. dxe5 Qa5+ 11. Bd2 Qxe5+ 12. Qe2 Nbd7 13. O-O-O O-O-O 14. Qc4 Nd5 15. Re1 Qc7 {½-½ (65) Andriasian,Z (2604)-Paichadze,L (2583) chess.com INT 2019}) 9. h5 Be4 10. Nxe4 Nxe4 11. Bd3 (11. h6 $14) 11... Qa5+ $146 ({Predecessor:} 11... Nf6 12. Qf3 Nbd7 13. Bd2 Qc7 14. h6 g6 15. O-O-O O-O-O {1-0 (52) Bozanic,I (2251)-Brkic,I (2080) Split 2012}) 12. Kf1 Nf6 13. Qe2 Qc7 (13... O-O $11) 14. g3 Nd5 (14... h6 $11) 15. Nxd5 cxd5 16. Qg4 f5 17. Qe2 Qe7 18. Kg2 Nc6 19. c3 Kd7 20. Be3 Rae8 $16 21. c4 Rhf8 22. f4 dxc4 23. Bxc4 a6 24. Qf3 Rb8 25. d5 exd5 26. Bxd5 Nb4 27. Bb3 Rfe8 28. Bf2 Qe4 29. Rad1 Rbc8 30. Rd4 Qxf3+ 31. Kxf3 Rc6 32. Rhd1 Kc7 33. a3 Nc2 34. Bxc2 Rxc2 35. Rxd6 Rxb2 36. Rd7+ Kc8 37. Rxg7 Rb3+ 38. Kg2 Rxa3 39. Rxh7 b5 40. h6 b4 41. Ra7 Kb8 42. h7 b3 43. Rg7 1-0

[Event "Irish International Open 2019"]
[Site "Dublin"]
[Date "2019.04.18"]
[Round "2.23"]
[White "Moran, Stephen"]
[Black "Carolan, James"]
[Result "1-0"]
[ECO "A45"]
[WhiteElo "2165"]
[BlackElo "1268"]
[Annotator "NA"]
[PlyCount "137"]
[EventDate "2019.02.28"]
[EventType "swiss"]
[EventCountry "IRL"]
[SourceTitle "playchess.com"]
[Source "ChessBase"]
[SourceQuality "1"]
[TimeControl "5400+30"]

1. d4 Nf6 2. Bg5 d5 3. Bxf6 exf6 4. e3 g6 5. g3 Bg7 6. Bg2 O-O 7. Ne2 Qe7 8. O-O Be6 9. Nd2 Nd7 10. b3 f5 11. c4 c6 12. Rc1 Nf6 13. Qc2 a5 14. Nc3 Rfc8 15. Na4 Nd7 16. c5 b5 17. cxb6 Rab8 18. Nb1 Nxb6 19. Nxb6 Rxb6 20. Nc3 Rbb8 21. Na4 Bd7 22. Nc5 Be8 23. Qd2 Qa7 24. Rc2 Qb6 25. Rfc1 Bf8 26. Bf1 Bxc5 27. Rxc5 Bd7 28. Qxa5 Qxa5 29. Rxa5 Ra8 30. Rcc5 Rxa5 31. Rxa5 Rb8 32. Bd3 Kf8 33. Kf1 Ke7 34. Ke2 h5 35. h4 f6 36. Ra7 Kd6 37. Kd2 g5 38. Be2 gxh4 39. gxh4 Ke6 40. Bxh5 Rh8 41. Bg6 Rxh4 42. Bxf5+ Kxf5 43. Rxd7 Ke6 44. Rd8 Rh2 45. Ke2 Rh1 46. Ra8 Rb1 47. Kf3 Rb2 48. Kg3 f5 49. f3 Ke7 50. Kf4 Re2 51. b4 Rb2 52. Ke5 Rf2 53. Ra7+ Kd8 54. Kxf5 Rxf3+ 55. Ke5 Rxe3+ 56. Kd6 Kc8 57. Kxc6 Kb8 58. Ra5 Rh3 59. Kxd5 Rh6 60. Kc5 Kb7 61. Kc4 Rh4 62. a4 Rh6 63. Rg5 Rc6+ 64. Rc5 Rg6 65. a5 Rg4 66. Rh5 Rg6 67. Rh7+ Ka6 68. b5+ Kxa5 69. Ra7+ 1-0

[Event "Irish International Open 2019"]
[Site "Dublin"]
[Date "2019.04.18"]
[Round "2.24"]
[White "Li, Henry"]
[Black "Horvath, Gabor"]
[Result "1/2-1/2"]
[ECO "C18"]
[WhiteElo "2308"]
[BlackElo "2252"]
[Annotator "NA"]
[PlyCount "115"]
[EventDate "2019.02.28"]
[EventType "swiss"]
[EventCountry "IRL"]
[SourceTitle "playchess.com"]
[Source "ChessBase"]
[SourceQuality "1"]
[TimeControl "5400+30"]

1. e4 e6 2. d4 d5 3. Nc3 Bb4 4. e5 c5 5. a3 Bxc3+ 6. bxc3 Ne7 7. Qg4 cxd4 8. Bd3 Qa5 9. Ne2 O-O 10. O-O dxc3 11. Bg5 Ng6 12. f4 Nd7 13. Rf3 f5 14. Qh5 Rf7 15. Kh1 Nc5 16. g4 Nxd3 17. Rxd3 fxg4 18. Qxg4 Bd7 19. Qh5 Qa4 20. Nd4 Rxf4 21. Bxf4 Nxf4 22. Qf3 Nxd3 23. Qxd3 Rf8 24. Rg1 Qc4 25. Qg3 Rf7 26. Qh4 Qc8 27. Rg4 Qf8 28. Kg2 Qxa3 29. Nf3 Qe7 30. Ng5 h6 31. Nxf7 Qxh4 32. Rxh4 Kxf7 33. Rh3 Bc6 34. Kf2 d4 35. Rd3 Be4 36. Rxd4 Bxc2 37. Rc4 Bb3 38. Rxc3 Bd5 39. Ke3 Bc6 40. Ra3 a6 41. Kd4 g5 42. Ra1 g4 43. Ke3 Ke7 44. Kf4 Bf3 45. h3 h5 46. Ra3 Bc6 47. h4 Kf7 48. Kg5 a5 49. Rxa5 g3 50. Ra1 g2 51. Kxh5 Bb5 52. Rb1 Kg8 53. Rc1 Bf1 54. Rc8+ Kg7 55. Rc7+ Kf8 56. Rc8+ Kf7 57. Rc7+ Kf8 58. Rc8+ 1/2-1/2

[Event "Irish International Open 2019"]
[Site "Dublin"]
[Date "2019.04.18"]
[Round "2.25"]
[White "Longson, Sarah N"]
[Black "Halvorsen, Benjamin"]
[Result "1-0"]
[ECO "B01"]
[WhiteElo "2123"]
[BlackElo "1767"]
[Annotator "NA"]
[PlyCount "87"]
[EventDate "2019.02.28"]
[EventType "swiss"]
[EventCountry "IRL"]
[SourceTitle "playchess.com"]
[Source "ChessBase"]
[SourceQuality "1"]
[TimeControl "5400+30"]

1. e4 d5 2. exd5 Qxd5 3. Nc3 Qa5 4. d4 Nf6 5. Bc4 c6 6. Bd2 Bg4 7. f3 Bh5 8. Nd5 Qd8 9. Nxf6+ gxf6 10. Ne2 e6 11. c3 Bd6 12. Nf4 Bg6 13. Qe2 Nd7 14. d5 cxd5 15. Nxd5 a6 16. Bf4 Ne5 17. Bxe5 Bxe5 18. Ne3 Qc7 19. Rd1 Bxh2 20. Ng4 Bg3+ 21. Kf1 Qe7 22. Rh3 Bc7 23. Bb5+ axb5 24. Qxb5+ Kf8 25. Rd7 Ra5 26. Rxe7 Rxb5 27. Rxc7 Bf5 28. Rg3 Bd3+ 29. Kg1 Rxb2 30. Nxf6 Bg6 31. Rc8+ Kg7 32. Nh5+ Kh6 33. Rxh8 Kxh5 34. Ra8 Rc2 35. Ra5+ Kh6 36. f4 Kg7 37. a4 Ra2 38. c4 Kf6 39. Re3 Ke7 40. f5 Bxf5 41. Rxf5 Rxa4 42. Rb5 Rxc4 43. Rxb7+ Kd6 44. Rxf7 1-0

[Event "Irish International Open 2019"]
[Site "Dublin"]
[Date "2019.04.18"]
[Round "2.26"]
[White "Scallan, Fiachra"]
[Black "Putar, Lara"]
[Result "0-1"]
[ECO "A45"]
[WhiteElo "1899"]
[BlackElo "1641"]
[Annotator "NA"]
[PlyCount "68"]
[EventDate "2019.02.28"]
[EventType "swiss"]
[EventCountry "IRL"]
[SourceTitle "playchess.com"]
[Source "ChessBase"]
[SourceQuality "1"]
[TimeControl "5400+30"]

1. d4 Nf6 2. Bf4 c5 3. d5 b5 4. Nf3 Bb7 5. d6 exd6 6. Bxd6 Bxd6 7. Qxd6 Qe7 8. Qxe7+ Kxe7 9. e3 a6 10. Be2 d6 11. O-O Nbd7 12. Nbd2 Nb6 13. Rad1 Na4 14. Rb1 Rhe8 15. Rfd1 Rad8 16. Ne1 Kf8 17. Bf3 d5 18. Nb3 Bc8 19. h3 h5 20. Kh2 Bf5 21. Na5 g5 22. g3 Kg7 23. Nb3 Kg6 24. Nc1 Ne4 25. Kg2 Bxh3+ 26. Kxh3 Nxf2+ 27. Kg2 Nxd1 28. Bxd1 Rxe3 29. Nf3 d4 30. Nd3 f6 31. Kf2 Rde8 32. Nde1 h4 33. gxh4 g4 34. Nd2 Rxe1 0-1

[Event "Irish International Open 2019"]
[Site "Dublin"]
[Date "2019.04.18"]
[Round "2.27"]
[White "Harrington, Eoin"]
[Black "Hafstad, Leif"]
[Result "0-1"]
[ECO "B23"]
[WhiteElo "1585"]
[BlackElo "1857"]
[Annotator "NA"]
[PlyCount "56"]
[EventDate "2019.02.28"]
[EventType "swiss"]
[EventCountry "IRL"]
[SourceTitle "playchess.com"]
[Source "ChessBase"]
[SourceQuality "1"]
[TimeControl "5400+30"]

1. e4 c5 2. Nc3 e6 3. f4 Nc6 4. Nf3 d5 5. Bb5 Nge7 6. Qe2 d4 7. Nd1 a6 8. Bxc6+ Nxc6 9. d3 b5 10. O-O Be7 11. Nf2 Qc7 12. e5 Bb7 13. Ne4 h6 14. Bd2 Rd8 15. Qf2 Nb4 16. Bxb4 cxb4 17. Rae1 Bc5 18. Qg3 Bxe4 19. Rxe4 O-O 20. Nh4 Kh7 21. f5 exf5 22. Nxf5 g6 23. Nxh6 Qe7 24. Nf5 Qe6 25. Qh4+ Kg8 26. Nh6+ Kg7 27. Ng4 Rh8 28. Qf6+ Qxf6 0-1

[Event "Irish International Open 2019"]
[Site "Dublin"]
[Date "2019.04.18"]
[Round "3.1"]
[White "Epishin, Vladimir"]
[Black "Jackson, James P"]
[Result "1/2-1/2"]
[ECO "A49"]
[WhiteElo "2568"]
[BlackElo "2388"]
[Annotator "ChessBase"]
[PlyCount "145"]
[EventDate "2019.02.28"]
[EventType "swiss"]
[EventCountry "IRL"]
[SourceTitle "playchess.com"]
[Source "ChessBase"]
[SourceQuality "1"]
[TimeControl "5400+30"]

1. d4 Nf6 2. Nf3 g6 3. g3 Bg7 4. Bg2 O-O 5. O-O d6 6. a4 a5 7. Bf4 h6 8. Re1 Nh5 9. Bd2 e5 10. dxe5 dxe5 11. e4 Nc6 12. Na3 Be6 13. Qe2 b6 14. Bc3 Qe8 15. Nh4 Rd8 16. Nb5 Qd7 17. Rad1 Qc8 18. Nf5 Kh7 19. Nxg7 Nxg7 20. Qe3 Rxd1 21. Rxd1 Rd8 22. Rd2 g5 23. Bf1 f6 24. b3 Bd7 25. Bc4 Ne6 26. f3 Nc5 27. Kf2 Be6 28. Bf1 Rxd2+ 29. Qxd2 g4 30. Qe3 gxf3 31. Qxf3 Bg4 32. Qe3 Qd7 33. Na3 Nd4 34. Bxd4 Qxd4 35. Qxd4 exd4 36. Nb5 Nxe4+ 37. Ke1 c5 38. Nc7 Bf3 39. Bd3 Kg7 40. Nd5 Nxg3 41. Nxb6 Ne4 42. Nc4 f5 43. Nxa5 Kf6 44. Nb7 Ke7 45. a5 Kd7 46. a6 Kc6 47. Nd8+ Kb6 48. Nf7 h5 49. h4 Bg2 50. Ng5 Nd6 51. Ne6 Bd5 52. Nf4 Be4 53. Ke2 Bxd3+ 54. Kxd3 Kxa6 55. Nxh5 Kb5 56. Nf4 Nf7 57. h5 Kc6 58. b4 Ne5+ 59. Ke2 cxb4 60. h6 Nf7 61. h7 Kc5 62. Ng6 f4 63. Nxf4 Kc4 64. Kd2 Nh8 65. Nd3 b3 66. cxb3+ Kxb3 67. Ne5 Kb4 68. Kd3 Kc5 69. Ke4 Kd6 70. Kf5 Ke7 71. Kg5 Ke6 72. Ng6 Kf7 73. Nxh8+ 1/2-1/2

[Event "Irish International Open 2019"]
[Site "Dublin"]
[Date "2019.04.18"]
[Round "3.2"]
[White "De Verdier, Michael"]
[Black "Saric, Ante"]
[Result "0-1"]
[ECO "A36"]
[WhiteElo "2306"]
[BlackElo "2530"]
[Annotator "ChessBase"]
[PlyCount "82"]
[EventDate "2019.02.28"]
[EventType "swiss"]
[EventCountry "IRL"]
[SourceTitle "playchess.com"]
[Source "ChessBase"]
[SourceQuality "1"]
[TimeControl "5400+30"]

1. c4 c5 2. g3 g6 3. Bg2 Bg7 4. Nc3 Nc6 5. a3 b6 6. e3 Bxc3 7. bxc3 Bb7 8. d3 d6 9. e4 Qd7 10. Ne2 O-O-O 11. Nf4 e6 12. Qe2 Re8 13. O-O f5 14. exf5 gxf5 15. Rd1 Nf6 16. Be3 e5 17. Nd5 Rhf8 18. Bg5 Nxd5 19. cxd5 Na5 20. Qc2 f4 21. d4 fxg3 22. hxg3 Qg4 23. Bh4 exd4 24. cxd4 Re2 25. Rd2 Rfxf2 26. Rxe2 Rxe2 27. Bh3 Qxh3 28. Qxe2 Bxd5 29. Re1 Nc4 30. Qh2 Qg4 31. dxc5 Ne5 32. Qe2 Qh3 33. cxd6 Qh1+ 34. Kf2 Qg2+ 35. Ke3 Qe4+ 36. Kd2 Nf3+ 37. Kc1 Nxe1 38. d7+ Kxd7 39. Qb5+ Bc6 40. Qb3 Nd3+ 41. Kd2 Ne5 0-1

[Event "Irish International Open 2019"]
[Site "Dublin"]
[Date "2019.04.18"]
[Round "3.4"]
[White "Fitzsimons, David"]
[Black "Jovanic, Ognjen"]
[Result "0-1"]
[ECO "C00"]
[WhiteElo "2299"]
[BlackElo "2515"]
[Annotator "ChessBase"]
[PlyCount "76"]
[EventDate "2019.02.28"]
[EventType "swiss"]
[EventCountry "IRL"]
[SourceTitle "playchess.com"]
[Source "ChessBase"]
[SourceQuality "1"]
[TimeControl "5400+30"]

1. e4 c5 2. Nf3 e6 3. g3 Nc6 4. Bg2 Nf6 5. Qe2 Be7 6. e5 Ng4 7. Nc3 f6 8. exf6 Nxf6 9. O-O d6 10. Rd1 e5 11. h3 O-O 12. a3 Bf5 13. d3 Qd7 14. g4 Bg6 15. b4 cxb4 16. axb4 Nxb4 17. Nh4 Bf7 18. Nf5 Rfc8 19. Ba3 Nbd5 20. Nxd5 Nxd5 21. Bxd5 Bxd5 22. c4 Bf7 23. f4 Bg6 24. fxe5 Bxf5 25. gxf5 dxe5 26. Qxe5 Bf6 27. Qe6+ Qxe6 28. fxe6 Re8 29. Rab1 Bd4+ 30. Kh1 Rxe6 31. Rxb7 Re3 32. Rd7 Rxh3+ 33. Kg2 Rh4 34. Be7 Rg4+ 35. Kf3 h5 36. c5 Rc8 37. Rc1 Rc6 38. Rxa7 Re6 0-1

[Event "Irish International Open 2019"]
[Site "Dublin"]
[Date "2019.04.18"]
[Round "3.5"]
[White "Ruck, Robert"]
[Black "Daly, Colm"]
[Result "1-0"]
[ECO "A34"]
[WhiteElo "2522"]
[BlackElo "2278"]
[Annotator "ChessBase"]
[PlyCount "57"]
[EventDate "2019.02.28"]
[EventType "swiss"]
[EventCountry "IRL"]
[SourceTitle "playchess.com"]
[Source "ChessBase"]
[SourceQuality "1"]
[TimeControl "5400+30"]

1. Nf3 c5 2. c4 b6 3. Nc3 Bb7 4. e4 d6 5. d4 cxd4 6. Nxd4 Nf6 7. Qe2 g6 8. g3 Bg7 9. Bg2 O-O 10. O-O Nc6 11. Nxc6 Bxc6 12. Bg5 Rc8 13. Rac1 Nd7 14. Rfd1 Re8 15. h4 Nc5 16. b3 Ne6 17. Be3 Nc5 18. Bd4 Bxd4 19. Rxd4 e5 20. Rd2 Qe7 21. Rcd1 Rcd8 22. Qe3 h5 23. Bh3 Kg7 24. b4 Ne6 25. Bxe6 fxe6 26. Qg5 Qc7 27. Rxd6 Rxd6 28. Qxe5+ Kf7 29. Rxd6 1-0

[Event "Irish International Open 2019"]
[Site "Dublin"]
[Date "2019.04.18"]
[Round "3.6"]
[White "Pulkkinen, Kari"]
[Black "Strikovic, Aleksa"]
[Result "0-1"]
[ECO "C41"]
[WhiteElo "2265"]
[BlackElo "2493"]
[Annotator "ChessBase"]
[PlyCount "84"]
[EventDate "2019.02.28"]
[EventType "swiss"]
[EventCountry "IRL"]
[SourceTitle "playchess.com"]
[Source "ChessBase"]
[SourceQuality "1"]
[TimeControl "5400+30"]

1. e4 d6 2. d4 Nf6 3. Nc3 e5 4. Nf3 Nbd7 5. Bc4 Be7 6. O-O O-O 7. Re1 Nb6 8. Bf1 exd4 9. Nxd4 d5 10. e5 Ne8 11. a4 a5 12. e6 fxe6 13. Nxe6 Bxe6 14. Rxe6 Bc5 15. Be3 d4 16. Ne4 dxe3 17. Nxc5 exf2+ 18. Kh1 Qxd1 19. Rxd1 Nd6 20. g3 Rf5 21. Ne4 Nxe4 22. Rxe4 Kf8 23. Kg2 Re8 24. Rxe8+ Kxe8 25. b3 Nd5 26. Rd3 Ke7 27. Rf3 Rxf3 28. Kxf3 Nb4 29. Kxf2 Nxc2 30. Bd3 Nd4 31. Bxh7 Nxb3 32. Ke3 Nc5 33. Bc2 c6 34. Kd4 Kd6 35. Kc4 Nd7 36. h4 b5+ 37. Kd4 c5+ 38. Ke4 b4 39. Kf5 c4 40. Kg6 b3 41. Bd1 Nc5 42. Kxg7 c3 0-1

[Event "Irish International Open 2019"]
[Site "Dublin"]
[Date "2019.04.18"]
[Round "3.7"]
[White "Hovhannisyan, Mher"]
[Black "Thorarinsson, Pall A."]
[Result "1-0"]
[ECO "A38"]
[WhiteElo "2462"]
[BlackElo "2246"]
[Annotator "ChessBase"]
[PlyCount "89"]
[EventDate "2019.02.28"]
[EventType "swiss"]
[EventCountry "IRL"]
[SourceTitle "playchess.com"]
[Source "ChessBase"]
[SourceQuality "1"]
[TimeControl "5400+30"]

1. Nf3 Nf6 2. g3 c5 3. Bg2 Nc6 4. O-O g6 5. c4 Bg7 6. Nc3 O-O 7. d3 Rb8 8. Bg5 d6 9. Qc1 Bg4 10. h3 Bxf3 11. Bxf3 Nd4 12. Bg2 a6 13. Bd2 b5 14. e3 Ne6 15. Qc2 Nd7 16. Rab1 bxc4 17. dxc4 Ne5 18. Nd5 Nd7 19. b4 cxb4 20. Nxb4 Rb6 21. Nc6 Qe8 22. Rxb6 Nxb6 23. Rb1 Nd7 24. Rb7 Nec5 25. Ra7 e6 26. Ra8 Qxa8 27. Ne7+ Kh8 28. Bxa8 Rxa8 29. Bc3 Re8 30. Bxg7+ Kxg7 31. Nc6 Rc8 32. Na5 Kf6 33. g4 Ke7 34. Kg2 h5 35. g5 e5 36. Qd1 Nb6 37. Qf3 Ncd7 38. Qb7 Rc5 39. Qxa6 e4 40. h4 f6 41. gxf6+ Kxf6 42. Nb7 Rxc4 43. Nxd6 Ra4 44. Qb5 Rxa2 45. Qg5+ 1-0

[Event "Irish International Open 2019"]
[Site "Dublin"]
[Date "2019.04.18"]
[Round "3.8"]
[White "Schut, Han"]
[Black "Larino Nieto, David"]
[Result "0-1"]
[ECO "B66"]
[WhiteElo "2173"]
[BlackElo "2434"]
[Annotator "NA"]
[PlyCount "128"]
[EventDate "2019.02.28"]
[EventType "swiss"]
[EventCountry "IRL"]
[SourceTitle "playchess.com"]
[Source "ChessBase"]
[SourceQuality "1"]
[TimeControl "5400+30"]

1. e4 c5 2. Nf3 Nc6 3. d4 cxd4 4. Nxd4 Nf6 5. Nc3 d6 6. Bg5 e6 7. Qd2 a6 8. O-O-O h6 9. Bxf6 Qxf6 10. Nb3 g5 11. Kb1 Bd7 12. f3 Rd8 13. h4 gxh4 14. e5 (14. Rg1 $14) 14... dxe5 15. Ne4 Qg6 16. Qe1 f5 $14 17. Nec5 Bc8 18. Rxd8+ Kxd8 19. Qxh4+ Be7 20. Qc4 Kc7 21. Na5 Rd8 22. Nxa6+ Kd7 23. Nxc6 bxc6 24. Nc5+ Ke8 25. a3 Rd5 26. Nd3 Bd7 27. Ka2 c5 28. f4 Bd6 29. Nxe5 Bxe5 30. fxe5 Rxe5 31. Qc3 Rd5 32. Qh8+ Ke7 33. Rxh6 Qe8 34. Qf6+ Kd6 35. Rh8 Qe7 36. Qg6 Rd4 37. Rh7 Qd8 38. Rh6 Kc7 39. Rh7 Kd6 40. Qg3+ f4 41. Qg7 Bc6 42. b3 Be4 43. Rh8 Qe7 44. Qg8 Bxc2 45. Qb8+ Kd5 46. Bc4+ Ke4 47. Re8 Qg7 48. Rxe6+ Kf5 49. Qe8 Bd1 50. Re2 Bxe2 51. Qxe2 Kg5 52. a4 Qc7 53. Ka3 Qd6 54. Qe8 Rd2 55. Qg8+ Qg6 56. Qc8 Qd6 57. Qg8+ Kh4 58. Qh8+ Kg3 59. Qh3+ Kf2 60. Qf3+ Kg1 61. g4 fxg3 62. Qe3+ Kh2 63. Be2 c4+ 64. b4 Rd3+ 0-1

[Event "Irish International Open 2019"]
[Site "Dublin"]
[Date "2019.04.18"]
[Round "3.9"]
[White "Thorfinnsson, Bjorn"]
[Black "Han, Yichen"]
[Result "1-0"]
[ECO "D03"]
[WhiteElo "2399"]
[BlackElo "2190"]
[Annotator "ChessBase"]
[PlyCount "63"]
[EventDate "2019.02.28"]
[EventType "swiss"]
[EventCountry "IRL"]
[SourceTitle "playchess.com"]
[Source "ChessBase"]
[SourceQuality "1"]
[TimeControl "5400+30"]

1. d4 Nf6 2. Nf3 g6 3. Bg5 Ne4 4. Bh4 Bg7 5. e3 d5 6. Nbd2 c5 7. c3 cxd4 8. exd4 Nc6 9. Nxe4 dxe4 10. Nd2 f5 11. f3 exf3 12. Nxf3 O-O 13. Bc4+ Kh8 14. d5 Ne5 15. Nxe5 Bxe5 16. Qe2 Qc7 17. O-O-O b5 18. Bb3 Bxc3 19. Qxe7 Qf4+ 20. Kb1 Bg7 21. Rhe1 h6 22. Bg3 Qg5 23. Qxg5 hxg5 24. Bd6 Rd8 25. Be7 Re8 26. d6 Bd7 27. Bf7 Rec8 28. Be6 Bxe6 29. Rxe6 Rc6 30. Re2 Bf8 31. d7 Bxe7 32. Rxe7 1-0